NCAA
WAKE FOREST DEMON DEACONS @ ARIZONA WILDCATS
04/15/2025
 
TOP OF THE 1ST
Wake Forest Demon Deacons batting - Pitching for Arizona Wildcats : LHP Leonard Horton
Pitching: LHP Leonard Horton
Batting: SHB Terry Dailey 0-0: Ball
1-0: Ball
2-0: Ball
3-0: Base on Balls
Batting: SHB Ernesto García 0-0: Ball
Terry Dailey steals 2nd base
1-0: SINGLE (Line Drive, 7S)
Terry Dailey to third
Runner from 3rd tries for Home, SAFE, no throw or cutoff
Batting: LHB Ken Smith 0-0: Ball
1-0: Foul Ball, location: 2F
1-1: Ball
2-1: Ball
3-1: Base on Balls
Ernesto García to second
Batting: LHB Garrett King 0-0: Foul Ball, location: 2F
0-1: Ball
1-1: SINGLE (Line Drive, 6M)
Ernesto García to third
Ken Smith to second
Runner from 3rd tries for Home, SAFE, throw made home
Batting: RHB Wilbert Bernard 0-0: Called Strike
0-1: Swinging Strike
0-2: Strikes out looking
Batting: RHB Victor Wilson 0-0: 3-RUN HOME RUN (Flyball, 78XD), Distance : 377 ft
Batting: LHB Michael Edwards 0-0: Foul Ball, location: 2F
0-1: Called Strike
0-2: Strikes out looking
Batting: LHB Roberto Félix 0-0: Foul Ball, location: 2F
0-1: Called Strike
0-2: Strikes out looking
Top of the 1st over - 5 run(s), 3 hit(s), 0 error(s), 0 left on base; Wake Forest 5 - Arizona 0
BOTTOM OF THE 1ST
Arizona Wildcats batting - Pitching for Wake Forest Demon Deacons : RHP Dan Mitchell
Pitching: RHP Dan Mitchell
Batting: SHB José Espinoza 0-0: Foul Ball, location: 2F
0-1: Swinging Strike
0-2: Foul Ball, location: 2F
0-2: Strikes out looking
Batting: RHB Juan Navarro 0-0: Called Strike
0-1: Ball
1-1: Swinging Strike
1-2: Fly out, F6 (Popup, 56D)
Batting: RHB Michael Tucker 0-0: Ball
1-0: Swinging Strike
1-1: Ball
2-1: Swinging Strike
2-2: Strikes out swinging
Bottom of the 1st over - 0 run(s), 0 hit(s), 0 error(s), 0 left on base; Wake Forest 5 - Arizona 0
TOP OF THE 2ND
Wake Forest Demon Deacons batting - Pitching for Arizona Wildcats : LHP Leonard Horton
Batting: RHB Daniel Dillard 0-0: Ground out 5-3 (Groundball, 5S)
Batting: SHB Terry Dailey 0-0: SOLO HOME RUN (Flyball, 7D), Distance : 346 ft
Batting: SHB Ernesto García 0-0: Called Strike
0-1: Swinging Strike
0-2: Fly out, F9 (Flyball, 9M)
Batting: LHB Ken Smith 0-0: Ball
1-0: Ball
2-0: Called Strike
2-1: Ball
3-1: Called Strike
3-2: Fly out, F7 (Flyball, 7M)
Top of the 2nd over - 1 run(s), 1 hit(s), 0 error(s), 0 left on base; Wake Forest 6 - Arizona 0
BOTTOM OF THE 2ND
Arizona Wildcats batting - Pitching for Wake Forest Demon Deacons : RHP Dan Mitchell
Batting: RHB Gordon Owens 0-0: Called Strike
0-1: Ball
1-1: Foul Ball, location: 2F
1-2: Strikes out looking
Batting: LHB Larry Battle 0-0: Ball
1-0: Foul Ball, location: 2F
1-1: Ground out 4-3 (Groundball, 4)
Batting: LHB Larry Smith 0-0: Foul Ball, location: 2F
0-1: Ball
1-1: Swinging Strike
1-2: Reached on error, E4 (Groundball, 4S)
Batting: RHB David Barker 0-0: Ball
1-0: Called Strike
1-1: Ball
2-1: Swinging Strike
2-2: Ground out 5-3 (Groundball, 56S)
Bottom of the 2nd over - 0 run(s), 0 hit(s), 1 error(s), 1 left on base; Wake Forest 6 - Arizona 0
TOP OF THE 3RD
Wake Forest Demon Deacons batting - Pitching for Arizona Wildcats : LHP Leonard Horton
Batting: LHB Garrett King 0-0: Ball
1-0: Ground out 4-3 (Groundball, 4M)
Batting: RHB Wilbert Bernard 0-0: Swinging Strike
0-1: Foul Ball, location: 2F
0-2: Strikes out swinging
Batting: RHB Victor Wilson 0-0: Called Strike
0-1: Foul Ball, location: 2F
0-2: Ball
1-2: Foul Ball, location: 2F
1-2: Foul Ball, location: 2F
1-2: Strikes out looking
Top of the 3rd over - 0 run(s), 0 hit(s), 0 error(s), 0 left on base; Wake Forest 6 - Arizona 0
BOTTOM OF THE 3RD
Arizona Wildcats batting - Pitching for Wake Forest Demon Deacons : RHP Dan Mitchell
Batting: SHB Steve Chase 0-0: Ball
1-0: Ball
2-0: Foul Ball, location: 2F
2-1: Foul Ball, location: 2F
2-2: Ball
3-2: Foul Ball, location: 2F
3-2: Base on Balls
Batting: RHB Clarence Robertson 0-0: Called Strike
0-1: Ball
1-1: Swinging Strike
1-2: Ball
2-2: Ball
3-2: Base on Balls
Steve Chase to second
Batting: SHB José Espinoza 0-0: Ball
1-0: Called Strike
1-1: Foul Ball, location: 2F
1-2: Ball
2-2: Ball
3-2: SINGLE (Line Drive, 34)
Steve Chase to third
Clarence Robertson to second
Batting: RHB Juan Navarro 0-0: Ball
1-0: Called Strike
1-1: Called Strike
1-2: Strikes out looking
Batting: RHB Michael Tucker 0-0: Fly out, F9 (Flyball, 9M)
Runner from 3rd tags up, SCORES, no throw
Batting: RHB Gordon Owens 0-0: Swinging Strike
0-1: Ground out 4-3 (Groundball, 4)
Bottom of the 3rd over - 1 run(s), 1 hit(s), 0 error(s), 2 left on base; Wake Forest 6 - Arizona 1
TOP OF THE 4TH
Wake Forest Demon Deacons batting - Pitching for Arizona Wildcats : LHP Leonard Horton
Batting: LHB Michael Edwards 0-0: Called Strike
0-1: Foul Ball, location: 2F
0-2: Foul Ball, location: 2F
0-2: Foul Ball, location: 2F
0-2: Ball
1-2: Foul Ball, location: 2F
1-2: Fly out, F7 (Flyball, 7M)
Batting: LHB Roberto Félix 0-0: SINGLE (Line Drive, 4MD)
Batting: RHB Daniel Dillard 0-0: Called Strike
Roberto Félix steals 2nd base
0-1: Ball
1-1: Ball
2-1: Ball
3-1: Called Strike
3-2: Base on Balls
Batting: SHB Terry Dailey 0-0: Called Strike
0-1: Ball
1-1: Ball
2-1: Ball
3-1: Base on Balls
Roberto Félix to third
Daniel Dillard to second
Batting: SHB Ernesto García 0-0: Fly out, F4 (Popup, 34)
Batting: LHB Ken Smith 0-0: SINGLE (Line Drive, 7LS)
Roberto Félix scores
Daniel Dillard to third
Terry Dailey to second
Pitching: RHP David Brown
Batting: LHB Garrett King 0-0: Swinging Strike
0-1: GRAND SLAM HOME RUN (Line Drive, 9D), Distance : 370 ft
Batting: RHB Wilbert Bernard 0-0: Ball
1-0: Called Strike
1-1: SINGLE (Groundball, 6MD) (infield hit)
Batting: RHB Victor Wilson 0-0: Called Strike
0-1: Ball
1-1: Foul Ball, location: 2F
1-2: Ball
2-2: DOUBLE (Line Drive, 7LM)
Wilbert Bernard to third
Runner from 3rd tries for Home, SAFE, no throw or cutoff
Batting: LHB Michael Edwards 0-0: Fly out, F7 (Flyball, 78S)
Top of the 4th over - 6 run(s), 5 hit(s), 0 error(s), 1 left on base; Wake Forest 12 - Arizona 1
BOTTOM OF THE 4TH
Arizona Wildcats batting - Pitching for Wake Forest Demon Deacons : RHP Dan Mitchell
Batting: LHB Larry Battle 0-0: Swinging Strike
0-1: Called Strike
0-2: Ball
1-2: Ball
2-2: Ball
3-2: Fly out, F8 (Flyball, 8RM)
Batting: LHB Larry Smith 0-0: Ball
1-0: Fly out, F4 (Popup, 3DF)
Batting: RHB David Barker 0-0: Ball
1-0: Ball
2-0: Ball
3-0: Base on Balls
Batting: SHB Steve Chase 0-0: Called Strike
0-1: Ball
1-1: SINGLE (Line Drive, 9LM)
David Barker to second
Batting: RHB Clarence Robertson 0-0: Ball
1-0: Ball
2-0: Ball
3-0: Base on Balls
David Barker to third
Steve Chase to second
Batting: SHB José Espinoza 0-0: Called Strike
0-1: Ball
1-1: Fly out, F7 (Flyball, 7LM)
Bottom of the 4th over - 0 run(s), 1 hit(s), 0 error(s), 3 left on base; Wake Forest 12 - Arizona 1
TOP OF THE 5TH
Wake Forest Demon Deacons batting - Pitching for Arizona Wildcats : RHP David Brown
Batting: LHB Roberto Félix 0-0: Foul Ball, location: 2F
0-1: Foul Ball, location: 2F
0-2: Ball
1-2: Strikes out swinging
Batting: RHB Daniel Dillard 0-0: Ball
1-0: Called Strike
1-1: Ball
2-1: Foul Ball, location: 2F
2-2: Ball
3-2: Foul Ball, location: 2F
3-2: Foul Ball, location: 2F
3-2: Base on Balls
Batting: SHB Terry Dailey 0-0: Called Strike
0-1: Swinging Strike
0-2: Foul Ball, location: 2F
0-2: Strikes out swinging
Batting: SHB Ernesto García 0-0: Fly out, F8 (Flyball, 8RS)
Top of the 5th over - 0 run(s), 0 hit(s), 0 error(s), 1 left on base; Wake Forest 12 - Arizona 1
BOTTOM OF THE 5TH
Arizona Wildcats batting - Pitching for Wake Forest Demon Deacons : RHP Dan Mitchell
Batting: RHB Juan Navarro 0-0: Ball
1-0: Ball
2-0: Fly out, F8 (Flyball, 8LM)
Pitching: RHP Steve Beck
Batting: RHB Michael Tucker 0-0: Called Strike
0-1: Swinging Strike
0-2: Foul Ball, location: 2F
0-2: Strikes out looking
Batting: RHB Gordon Owens 0-0: Ball
1-0: Foul Ball, location: 2F
1-1: Ground out 6-3 (Groundball, 6M)
Bottom of the 5th over - 0 run(s), 0 hit(s), 0 error(s), 0 left on base; Wake Forest 12 - Arizona 1
TOP OF THE 6TH
Wake Forest Demon Deacons batting - Pitching for Arizona Wildcats : RHP David Brown
Batting: LHB Ken Smith 0-0: Fly out, F8 (Flyball, 8RM)
Batting: LHB Garrett King 0-0: Called Strike
0-1: Ball
1-1: SINGLE (Line Drive, 7LS)
Batting: RHB Wilbert Bernard 0-0: Ball
1-0: SINGLE (Line Drive, 7LS)
Garrett King to second
Batting: RHB Victor Wilson 0-0: Ball
Garrett King steals 3rd base
Wilbert Bernard to second
1-0: SINGLE (Line Drive, 34D)
Garrett King scores
Wilbert Bernard to third
Pitching: RHP Tynan Foster
Batting: LHB Michael Edwards 0-0: Ball
1-0: Ball
2-0: Called Strike
2-1: Swinging Strike
2-2: Strikes out looking
Batting: LHB Roberto Félix 0-0: Ball
1-0: Ball
2-0: Ball
3-0: Base on Balls
Victor Wilson to second
Batting: RHB Daniel Dillard 0-0: Called Strike
0-1: Foul Ball, location: 2F
0-2: SINGLE (Line Drive, 8LS)
Wilbert Bernard scores
Victor Wilson to third
Roberto Félix to second
Runner from 3rd tries for Home, SAFE, no throw or cutoff
Batting: SHB Terry Dailey 0-0: Called Strike
0-1: Ball
1-1: Ball
2-1: Foul Ball, location: 2F
2-2: SINGLE (Groundball, 56S)
Roberto Félix to third
Daniel Dillard to second
Runner from 3rd tries for Home, SAFE, no throw or cutoff
Batting: SHB Ernesto García 0-0: Ball
1-0: Foul Ball, location: 2F
1-1: Ground out 4-3 (Groundball, 34)
Top of the 6th over - 4 run(s), 5 hit(s), 0 error(s), 2 left on base; Wake Forest 16 - Arizona 1
BOTTOM OF THE 6TH
Arizona Wildcats batting - Pitching for Wake Forest Demon Deacons : RHP Steve Beck
Batting: LHB Larry Battle 0-0: Foul Ball, location: 2F
0-1: Foul Ball, location: 2F
0-2: Foul Ball, location: 2F
0-2: Ball
1-2: Strikes out swinging
Batting: LHB Larry Smith 0-0: Called Strike
0-1: Ball
1-1: Ball
2-1: Fly out, F8 (Flyball, 8LXD)
Batting: RHB David Barker 0-0: Ground out 6-3 (Groundball, 6)
Bottom of the 6th over - 0 run(s), 0 hit(s), 0 error(s), 0 left on base; Wake Forest 16 - Arizona 1
TOP OF THE 7TH
Wake Forest Demon Deacons batting - Pitching for Arizona Wildcats : RHP Tynan Foster
Batting: LHB Ken Smith 0-0: Ball
1-0: Foul Ball, location: 2F
1-1: Ball
2-1: SINGLE (Groundball, 4MD)
Batting: LHB Garrett King 0-0: Foul Ball, location: 2F
0-1: Ball
1-1: SINGLE (Line Drive, 4M)
Ken Smith to second
Batting: RHB Wilbert Bernard 0-0: Ball
1-0: Fly out, F8 (Flyball, 8LS)
Batting: RHB Victor Wilson 0-0: Hit by Pitch
Ken Smith to third
Garrett King to second
Batting: LHB Michael Edwards 0-0: Called Strike
0-1: Fly out, F7 (Flyball, 8LM)
Runner from 3rd tags up, SCORES, no throw
Batting: LHB Roberto Félix 0-0: Foul Ball, location: 2F
0-1: SINGLE (Groundball, 34D)
Garrett King to third
Victor Wilson to second
Runner from 3rd tries for Home, SAFE, no throw or cutoff
Pitching: LHP John Cummings
Batting: RHB Daniel Dillard 0-0: Ball
1-0: Ground out 6-3 (Groundball, 6)
Top of the 7th over - 2 run(s), 3 hit(s), 0 error(s), 2 left on base; Wake Forest 18 - Arizona 1
BOTTOM OF THE 7TH
Arizona Wildcats batting - Pitching for Wake Forest Demon Deacons : RHP Steve Beck
Batting: SHB Steve Chase 0-0: Ball
1-0: Ball
2-0: Swinging Strike
2-1: Ball
3-1: Fly out, F7 (Flyball, 7M)
Pitching: LHP Dan Brown
Batting: RHB Clarence Robertson 0-0: Called Strike
0-1: Called Strike
0-2: Strikes out looking
Batting: SHB José Espinoza 0-0: SINGLE (Line Drive, 4MD)
Batting: RHB Juan Navarro 0-0: Ball
1-0: Ball
2-0: Ball
3-0: Called Strike
3-1: Swinging Strike
3-2: Ground out 6-3 (Groundball, 6)
Bottom of the 7th over - 0 run(s), 1 hit(s), 0 error(s), 1 left on base; Wake Forest 18 - Arizona 1
TOP OF THE 8TH
Wake Forest Demon Deacons batting - Pitching for Arizona Wildcats : LHP John Cummings
Batting: SHB Terry Dailey 0-0: Ball
1-0: SOLO HOME RUN (Flyball, 7D), Distance : 367 ft
Batting: SHB Ernesto García 0-0: Called Strike
0-1: Called Strike
0-2: Ball
1-2: Ground out 4-3 (Groundball, 4)
Batting: LHB Ken Smith 0-0: Foul Ball, location: 2F
0-1: Ball
1-1: Foul Ball, location: 2F
1-2: Strikes out looking
Batting: LHB Garrett King 0-0: Ball
1-0: Ball
2-0: SINGLE (Line Drive, 89S)
Batting: RHB Wilbert Bernard 0-0: Ball
1-0: SINGLE (Groundball, 5D)
Garrett King to second
Batting: RHB Victor Wilson 0-0: Foul Ball, location: 2F
0-1: Ball
1-1: Swinging Strike
1-2: Ball
2-2: Strikes out swinging
Top of the 8th over - 1 run(s), 3 hit(s), 0 error(s), 2 left on base; Wake Forest 19 - Arizona 1
BOTTOM OF THE 8TH
Arizona Wildcats batting - Pitching for Wake Forest Demon Deacons : LHP Dan Brown
Now at C: Alan Thomas
Batting: RHB Michael Tucker 0-0: Ball
1-0: Ground out 6-3 (Groundball, 56)
Batting: RHB Gordon Owens 0-0: Ball
1-0: Called Strike
1-1: Foul Ball, location: 2F
1-2: Ball
2-2: Foul Ball, location: 2F
2-2: Fly out, F9 (Line Drive, 9M)
Batting: LHB Larry Battle 0-0: Ground out U3 (Groundball, 3)
Bottom of the 8th over - 0 run(s), 0 hit(s), 0 error(s), 0 left on base; Wake Forest 19 - Arizona 1
TOP OF THE 9TH
Wake Forest Demon Deacons batting - Pitching for Arizona Wildcats : LHP John Cummings
Batting: LHB Michael Edwards 0-0: Called Strike
0-1: Ball
1-1: Called Strike
1-2: Strikes out swinging
Batting: LHB Roberto Félix 0-0: Ball
1-0: Foul Ball, location: 2F
1-1: Called Strike
1-2: Foul Ball, location: 2F
1-2: Foul Ball, location: 2F
1-2: Strikes out looking
Batting: RHB Daniel Dillard 0-0: Called Strike
0-1: Foul Ball, location: 2F
0-2: Ball
1-2: Strikes out swinging
Top of the 9th over - 0 run(s), 0 hit(s), 0 error(s), 0 left on base; Wake Forest 19 - Arizona 1
BOTTOM OF THE 9TH
Arizona Wildcats batting - Pitching for Wake Forest Demon Deacons : LHP Dan Brown
Batting: LHB Larry Smith 0-0: Called Strike
0-1: Ball
1-1: Ball
2-1: Called Strike
2-2: Foul Ball, location: 2F
2-2: Ball
3-2: Foul Ball, location: 2F
3-2: Base on Balls
Batting: RHB David Barker 0-0: Ball
1-0: Ball
2-0: Ball
3-0: Base on Balls
Larry Smith to second
Batting: SHB Steve Chase 0-0: Fly out, F8 (Flyball, 8LM)
Batting: RHB Clarence Robertson 0-0: Swinging Strike
0-1: Ball
1-1: Called Strike
1-2: Strikes out swinging
Batting: SHB José Espinoza 0-0: Ball
1-0: Ball
2-0: Called Strike
2-1: Foul Ball, location: 2F
2-2: Foul Ball, location: 2F
2-2: Foul Ball, location: 2F
2-2: Fielders Choice at 2nd, U6 (Groundball, 6M)
Bottom of the 9th over - 0 run(s), 0 hit(s), 0 error(s), 2 left on base; Wake Forest 19 - Arizona 1
This league is powered by Out of the Park Baseball, the baseball management simulation game for PC, Mac and Linux
Tuesday, August 2nd, 2016 - OOTP Baseball 16.8 Build 38